 Dungeon Crawl Stone Soup version 0.28-a0-43-g560ac104fe (webtiles) character file.

Game seed: 642506767849618910

151 CowFu the Cudgeller (level 5, -3/32 HPs)
             Began as a Gargoyle Fighter on July 28, 2021.
             Slain by an ogre (5 damage)
             ... on level 3 of the Dungeon.
             The game lasted 00:02:04 (3086 turns).

CowFu the Cudgeller (Gargoyle Fighter)              Turns: 3086, Time: 00:02:04

Health: -3/32      AC: 16    Str: 20    XL:     5   Next: 33%
Magic:  5/5        EV:  7    Int:  9    God:
Gold:   165        SH:  9    Dex:  9    Spells: 4/4 levels left

rFire   . . .      SeeInvis .   a - +0 flail
rCold   . . .      Faith    .   c - +0 kite shield
rNeg    + . .      Spirit   .   b - +0 scale mail
rPois   ∞          Reflect  .   o - +0 helmet
rElec   +          Harm     .   (no cloak)
rCorr   .          Rampage  .   (no gloves)
Will    .....                   (no boots)
Stlth   ..........              (no amulet)
HPRegen 0.10/turn               h - +4 ring of protection
MPRegen 0.09/turn               (no ring)

@: mighty
A: sickness immunity, AC +4, negative energy resistance 1, electricity
resistance, torment resistance 1, petrification resistance
a: no special abilities


You were on level 3 of the Dungeon.
You visited 1 branch of the dungeon, and saw 3 of its levels.

You collected 165 gold pieces.

Inventory:

Hand Weapons
 a - a +0 flail (weapon)
Armour
 b - a +0 scale mail (worn)
 c - a +0 kite shield (worn)
 o - a +0 helmet (worn)
Jewellery
 h - a +4 ring of protection (left hand)
 j - a ring of magical power
Wands
 n - a wand of iceblast (10)
Scrolls
 e - 2 scrolls of teleportation {unknown}
 f - 2 scrolls of identify {unknown}
 k - 2 scrolls of enchant weapon {unknown}
 l - a scroll of immolation {unknown}
 m - a scroll of summoning {unknown}
Potions
 g - a potion of heal wounds {unknown}
 i - a potion of attraction {unknown}


   Skills:
 - Level 3.2 Fighting
 + Level 5.4 Maces & Flails
 - Level 3.2 Armour
 - Level 3.2 Shields


You had 4 spell levels left.
You didn't know any spells.
Your spell library contained the following spells:

 Spells                   Type           Power      Damage    Failure   Level
 Corona                   Hex            0%         N/A       99%         1
 Ensorcelled Hibernation  Hex/Ice        0%         N/A       100%        2
 Tukima's Dance           Hex            0%         N/A       100%        3


Dungeon Overview and Level Annotations

Branches:
Dungeon (3/15)

Altars:
Wu Jian


Innate Abilities, Weirdness & Mutations

You are immune to sickness and miasma.
Your stone body is resilient. (AC +4)
You are immune to poison.
You resist negative energy. (rN+)
You are resistant to electric shocks. (rElec)
You are resistant to unholy torment.
You are immune to petrification.


Message History

The ogre hits you with a +0 giant club!
* * * LOW HITPOINT WARNING * * *
You are too injured to fight recklessly!
You are too injured to fight recklessly!
You are too injured to fight recklessly!
You are too injured to fight recklessly!
You are too injured to fight recklessly!
You are too injured to fight recklessly!
You are too injured to fight recklessly!
You are too injured to fight recklessly!
You are too injured to fight recklessly!
You are too injured to fight recklessly!
You are too injured to fight recklessly!
You are too injured to fight recklessly!
You are too injured to fight recklessly!
You are too injured to fight recklessly!
You are too injured to fight recklessly!
You are too injured to fight recklessly!
You are too injured to fight recklessly!
You are too injured to fight recklessly!
You are too injured to fight recklessly!
You are too injured to fight recklessly!
You are too injured to fight recklessly!
You are too injured to fight recklessly!
You are too injured to fight recklessly!
You are too injured to fight recklessly!
There is an open door here.
Okay, then.
You feel very mighty all of a sudden. You block the ogre's attack.
You barely miss the ogre.
The ogre is heavily wounded.
You block the ogre's attack.
You thump the ogre!
The ogre is almost dead.
The ogre hits you but does no damage.
You barely miss the ogre.
The ogre is almost dead.
The ogre hits you with a +0 giant club.
You die...

.............#######.# ###
###########..# #.# #..
...##........# #.# ###
##.##........# #.##########..
.#.##........#######.#.<....##...
##..÷........[.......######..#...
####...#....##############..'..≈
#...#....########.......##...
#...#...>'.O@............#...
#...#....########........#...
#####....# #......#.##.. ######
#......#÷#### #......#.##.#
#############.##.#
#............)....
#.###########..#.. #.#
#..........#.#


You could see an ogre.

Vanquished Creatures
  A gnoll (D:1)
  4 adders
  A white imp (D:3)
  3 worms (D:2)
  5 dart slugs
  An orc (D:3)
  11 endoplasms
  6 giant cockroaches
  4 goblins
  6 hobgoblins
  6 jackals
  3 kobolds
  A quokka (D:1)
  8 ball pythons
  7 bats
  6 frilled lizards
  4 rats
77 creatures vanquished.

Notes
Turn   | Place    | Note
-------+----------+-------------------------------------------
     0 | D:1      | CowFu the Gargoyle Fighter began the quest for the Orb.
     0 | D:1      | Reached XP level 1. HP: 14/14 MP: 1/1
   435 | D:1      | Reached XP level 2. HP: 19/19 MP: 2/2
   500 | D:1      | Reached skill level 3 in Maces & Flails
   651 | D:1      | Reached XP level 3. HP: 13/23 MP: 3/3
  1510 | D:2      | Reached skill level 4 in Maces & Flails
  1563 | D:2      | Reached XP level 4. HP: 27/28 MP: 4/4
  2455 | D:3      | Found an ornate altar of the Wu Jian Council.
  2536 | D:3      | Reached skill level 5 in Maces & Flails
  2665 | D:3      | Reached XP level 5. HP: 32/32 MP: 5/5
  3065 | D:3      | Noticed an ogre
  3077 | D:3      | HP: 1/32 [ogre (15)]
  3086 | D:3      | Slain by an ogre

Illustrated notes

Levels and vault maps discovered:
D:1:      scummos_arrival_forest, layout_loops_corners
D:2:      layout_loops_cross
D:3:      minmay_wonky_spiral, layout_basic, mainiacjoe_overflow_tiny_flanked,
          amcnicky_mini_pool_small, kennysheep_another_room

Skill      XL: |  1  2  3  4 |
---------------+-------------+-----
Maces & Flails | 3 4 5 |  5.4
Fighting       | |  3.2
Armour         | |  3.2
Shields        | |  3.2

Action                   |  1- 3 |  4- 6 || total
-------------------------+-------+-------++-------
Melee: Flail             |   109 |   175 ||   284
  Use: Potion            |       |     1 ||     1
Armor: Scale mail        |    64 |    83 ||   147
Dodge: Dodged            |    45 |    53 ||    98
Block: Kite shield       |    56 |    92 ||   148

Table legend: (Time is in decaauts)
 A = Elapsed time spent in this place.
 B = Non-inter-level travel time spent in this place.
 C = Inter-level travel time spent in this place.
 D = Time resting spent in this place.
 E = Time spent auto-exploring this place.
 F = Levels seen in this place.
 G = Mean time per level.
                   A        B        C        D        E       F      G
               +--------+--------+--------+--------+--------+-----+--------+
         Total |   3205 |   3139 |     66 |      0 |   2529 |   3 | 1068.3 |
       Dungeon |   3205 |   3139 |     66 |      0 |   2529 |   3 | 1068.3 |
               +--------+--------+--------+--------+--------+-----+--------+

Top non-repeatable levels by time:
     D:1: 1487 daAuts
     D:2: 890 daAuts
     D:3: 827 daAuts
